 Dungeon Crawl Stone Soup version 0.27-a0-1081-ge8a0a9c698 (webtiles) character file.

Game seed: 11843139458777184207

795 shoop the Cleaver (level 7, 0/57 HPs)
             Began as a Hill Orc Fighter on Apr 25, 2021.
             Was a Believer of Fedhas.
             Slain by Menkaure (2 damage)
             ... on level 5 of the Dungeon.
             The game lasted 00:07:03 (5429 turns).

shoop the Cleaver (Hill Orc Fighter)                Turns: 5429, Time: 00:07:04

Health: 0/57       AC:  8    Str: 21    XL:     7   Next: 89%
Magic:  7/7        EV:  7    Int:  8    God:    Fedhas [**....]
Gold:   139        SH:  9    Dex: 10    Spells: 6/6 levels left

rFire    . . .     SeeInvis .   a - +0 war axe
rCold    . . .     Faith    .   c - +0 kite shield
rNeg     . . .     Spirit   .   x - +0 scale mail
rPois    .         Reflect  .   (no helmet)
rElec    .         Harm     .   (no cloak)
rCorr    .         Rampage  .   E - +0 pair of gloves
Will     .....                  (no boots)
Stlth    ..........             q - amulet of magic regeneration
HPRegen  0.19/turn              (no ring)
MPRegen  0.35/turn              (no ring)

@: brilliant
A: no striking features
a: Renounce Religion, Wall of Briars


You were on level 5 of the Dungeon.
You worshipped Fedhas.
Fedhas was pleased with you.
You visited 2 branches of the dungeon, and saw 6 of its levels.

You collected 139 gold pieces.

Inventory:

Hand Weapons
 a - a +0 war axe (weapon)
 b - a +0 hand crossbow
 g - a +0 demon whip
Missiles
 s - 9 poisoned darts (quivered)
 A - 38 bolts
Armour
 c - a +0 kite shield (worn)
 x - a +0 scale mail (worn)
 E - a +0 pair of gloves (worn)
Jewellery
 q - an amulet of magic regeneration (around neck)
 v - a ring of fire
Wands
 p - a wand of mindburst (14)
 C - a wand of iceblast (7)
 D - a wand of polymorph (11)
Scrolls
 e - 2 scrolls of vulnerability {unknown}
 f - a scroll of fog {unknown}
 i - a scroll of fear {unknown}
 k - a scroll of holy word {unknown}
 n - 2 scrolls of amnesia {unknown}
 o - a scroll of enchant weapon {unknown}
 t - 5 scrolls of identify {unknown}
 w - a scroll of enchant armour {unknown}
 y - a scroll of acquirement {unknown}
 z - 2 scrolls of teleportation {unknown}
 B - a scroll of torment {unknown}
Potions
 d - a potion of might
 h - 2 potions of mutation {unknown}
 j - a potion of flight {unknown}
 l - a potion of brilliance
 m - a potion of magic {unknown}
 r - 2 potions of curing {unknown}
 u - a potion of attraction {unknown}


   Skills:
 - Level 3.6 Fighting
 + Level 10.2 Axes
 - Level 1.0 Crossbows
 - Level 1.0 Throwing
 - Level 3.2 Armour
 - Level 3.2 Shields
 + Level 3.0 Evocations


You had 6 spell levels left.
You didn't know any spells.
Your spell library was empty.

Dungeon Overview and Level Annotations

Branches:
Dungeon (5/15)             Temple (1/1) D:5

Altars:
Cheibriados
Fedhas
Kikubaaqudgha
Qazlal
Sif Muna
Wu Jian
Xom
Yredelemnul
Zin

Annotations:
D:3 2 transporters, bilbop's ghost, amateur DjVM
D:5 Menkaure


Message History

E - a +0 pair of gloves You start putting on your armour.
You continue putting on your +0 pair of gloves. x4
You finish putting on your +0 pair of gloves.
There is an open door here.
There is an open door here.
h - 2 bubbling golden potions (gained 1) Menkaure, Prince of Dust comes into view.
Menkaure shouts!
You open the door.
Menkaure hums, "It doesn't hurt if you pull your brain out of your nose yourself."
There is an open door here.
You close the door.
You start waiting.
Menkaure is nearby!
Menkaure hits you!
You hit Menkaure.
Menkaure is lightly damaged.
You block Menkaure's attack.
You slash Menkaure!
Menkaure is heavily damaged.
Menkaure hits you!
You barely miss Menkaure.
Menkaure is heavily damaged.
Menkaure hits you.
You hit Menkaure but do no damage.
Menkaure is heavily damaged.
Menkaure hits you!
You barely miss Menkaure.
Menkaure is heavily damaged.
Menkaure barely misses you.
You hit Menkaure but do no damage.
Menkaure is heavily damaged.
Menkaure hits you!
* * * LOW HITPOINT WARNING * * *
It was a potion of brilliance.
You feel clever all of a sudden. Menkaure hits you.
You die...
Fedhas appreciates your contribution to the ecosystem.

.................##...........#
#.#####.###########..###'###..#
.........)........##. #.....#..#
###.####.########.# #.8.8.#+##
#.# #......# .# ..+.._..'.###
###.####......###.##..#.8.8.#.#'#
..............##...'..#.....#....
.##.############M.##..###+###....
....)...........@.##....... #....
.##<############.##.....#####....
..................+.....+.....#'#
###.###......###+##.....#######.#
#.# #......... #.....# ####'# #.#
#......... #>....# #^.... #+#
######.... #.....####..... ....
#........#..... ...
#............##


You could see Menkaure.

Vanquished Creatures
  2 black bears
  An ogre (D:5)
  2 scorpions
  A bullfrog skeleton (D:5)
  2 jellies (D:4)
  Ijyb (D:5)
  Terence (D:3)
  A mummy (D:4)
  7 gnolls
  6 adders
  An adder skeleton (D:4)
  3 worms (D:2)
  5 orcs
  7 bats
  10 endoplasms
  3 giant cockroaches
  7 hobgoblins
  2 iguanas (D:4)
  15 jackals
  5 quokkas
  7 ball pythons
  11 frilled lizards
  4 goblins
  7 kobolds
  5 rats
116 creatures vanquished.

Notes
Turn   | Place    | Note
-------+----------+-------------------------------------------
     0 | D:1      | shoop the Hill Orc Fighter began the quest for the Orb.
     0 | D:1      | Reached XP level 1. HP: 19/19 MP: 1/1
   157 | D:1      | Reached skill level 3 in Axes
   273 | D:1      | Reached XP level 2. HP: 15/26 MP: 2/2
   414 | D:2      | Reached skill level 4 in Axes
   526 | D:3      | Found a transporter.
   528 | D:3      | Noticed a bullfrog
   530 | D:3      | Found a transporter.
   530 | D:3      | Noticed bilbop's ghost (amateur DjVM)
   569 | D:4      | Reached XP level 3. HP: 28/31 MP: 3/3
   632 | D:4      | Found a shimmering altar of Xom.
   646 | D:5      | Entered Level 5 of the Dungeon
   650 | D:5      | Noticed a sky beast
   747 | D:4      | Noticed a black bear
   759 | D:4      | Killed a black bear
   760 | D:4      | Reached skill level 6 in Axes
   760 | D:4      | Reached XP level 4. HP: 37/39 MP: 4/4
   760 | D:4      | Reached XP level 5. HP: 43/45 MP: 5/5
   762 | D:4      | Reached skill level 7 in Axes
   792 | D:4      | Found a snail-covered altar of Cheibriados.
   929 | D:4      | Found a shimmering blue altar of Sif Muna.
  1108 | D:4      | Reached skill level 8 in Axes
  1108 | D:4      | Reached XP level 6. HP: 51/51 MP: 6/6
  1157 | D:5      | Noticed Ijyb
  1172 | D:5      | Killed Ijyb
  1433 | D:4      | Noticed a black bear
  1451 | D:5      | Killed a black bear
  1452 | D:5      | Reached skill level 9 in Axes
  1740 | D:5      | Found a staircase to the Ecumenical Temple.
  1761 | Temple   | Entered the Ecumenical Temple
  1770 | Temple   | Became a worshipper of Fedhas Madash
  2070 | D:2      | Reached skill level 1 in Evocations
  2075 | D:2      | Reached * piety under Fedhas
  2122 | D:2      | Reached XP level 7. HP: 57/57 MP: 7/7
  3342 | D:2      | Reached ** piety under Fedhas
  3733 | D:3      | Reached skill level 1 in Throwing
  4057 | D:3      | Found a faded altar of an unknown god.
  4113 | D:3      | Noticed Terence
  4126 | D:3      | Killed Terence
  5177 | D:5      | Reached skill level 10 in Axes
  5177 | D:5      | Reached skill level 1 in Crossbows
  5300 | D:5      | Found an ornate altar of the Wu Jian Council.
  5406 | D:5      | Noticed Menkaure
  5428 | D:5      | HP: 2/57 [Menkaure (17)]
  5429 | D:5      | Slain by Menkaure

Illustrated notes

Levels and vault maps discovered:
D:1:      wander_arrival_peaceful_grave, layout_basic, minmay_distorted
D:2:      layout_basic, grunt_ministairs_13, minmay_lizard_pond
D:3:      layout_loops_ring, gammafunk_ghost_arena, basic_ecumenical_altar,
          chequers_garden, kennysheep_generic_room_16, uniq_terence
D:4:      layout_basic, slow_altar_1, dk_xom_monty_hall,
          nicolae_sif_muna_condensation, serial_park_tiny_pond,
          grunt_ministairs_7
D:5:      layout_basic, kennysheep_little_box, minmay_temple_entry_sparse_star,
          serial_shops, nicolae_shop_stone, uniq_ijyb, uniq_menkaure
Temple:   dpeg_three_leaves_temple

Skill      XL: |  1  2  3  4  5  6  7 |
---------------+----------------------+-----
Axes           | 3 4 6 8 9 10 | 10.2
Evocations     | 1 3 |  3.0
Throwing       | 1 |  1.0
Crossbows      | 1 |  1.0
Fighting       | |  3.6
Armour         | |  3.2
Shields        | |  3.2

Action                   |  1- 3 |  4- 6 |  7- 9 || total
-------------------------+-------+-------+-------++-------
Melee: War axe           |    46 |   102 |   178 ||   326
 Fire: Hand crossbow     |       |       |     2 ||     2
Evoke: Wand              |       |     1 |       ||     1
  Use: Potion            |       |     1 |     1 ||     2
Armor: Scale mail        |    34 |    47 |    59 ||   140
Dodge: Dodged            |    18 |    48 |    46 ||   112
Block: Kite shield       |    31 |    66 |    85 ||   182

Table legend: (Time is in decaauts)
 A = Elapsed time spent in this place.
 B = Non-inter-level travel time spent in this place.
 C = Inter-level travel time spent in this place.
 D = Time resting spent in this place.
 E = Time spent auto-exploring this place.
 F = Levels seen in this place.
 G = Mean time per level.
                   A        B        C        D        E       F      G
               +--------+--------+--------+--------+--------+-----+--------+
         Total |   5539 |   5174 |    365 |    993 |   3273 |   6 |  923.2 |
       Dungeon |   5520 |   5164 |    356 |    993 |   3272 |   5 | 1104.0 |
        Temple |     18 |      9 |      9 |      0 |      1 |   1 |   18.0 |
               +--------+--------+--------+--------+--------+-----+--------+

Top non-repeatable levels by time:
     D:1: 1370 daAuts
     D:4: 1280 daAuts
     D:5: 1073 daAuts
     D:3: 992 daAuts
     D:2: 802 daAuts
  Temple: 18 daAuts
